 Dungeon Sprint DCSS version 0.30-a0-389-g8d7d949f56 (webtiles) character file.

Game seed: 12031236005419652104

24234 rocky1 the Slayer (level 13, -17/169 HPs)
             Began as an Ogre Monk on Dec 4, 2022.
             Was a High Priest of Cheibriados.
             Demolished by a merfolk impaler
             ... wielding a +2 trident of protection
              (28 damage)
             ... in the Dungeon (Sprint VII: "The Pits").
             The game lasted 00:09:45 (4091 turns).

rocky1 the Slayer (Ogre Monk)                       Turns: 4091, Time: 00:09:46

Health: -17/169    AC:  4    Str: 34    XL:     13   Next: 11%
Magic:  3/25       EV: 14    Int: 23    God:    Cheibriados [*****.]
Gold:   41         SH:  0    Dex: 23    Spells: 22/26 levels left

rFire   . . .      SeeInvis +    O - +12 dire flail of Causality {freeze, *Noise SInv Stlth+}
rCold   . . .      Faith    .    (shield currently unavailable)
rNeg    . . .      Spirit   .    b - +0 robe
rPois   .          Reflect  .    (helmet restricted)
rElec   .          Harm     .    x - +0 cloak
rCorr   .          Rampage  .    (gloves unavailable)
Will    +....      NoTele   +    (boots unavailable)
Stlth   +++.......               (no amulet)
HPRegen 0.48/turn                p - +3 ring of evasion
MPRegen 0.19/turn                y - ring of see invisible

@: very slow
A: large, unfitting armour, tough skin 1
a: Renounce Religion, Bend Time, Temporal Distortion, Slouch, Step From Time


You were in the Dungeon.
You worshipped Cheibriados.
Cheibriados was extremely pleased with you.
You visited 1 branch You collected 41 gold pieces.

Inventory:

Hand Weapons
 a - a +0 mace
 j - a +2 mace
 n - a +1 flail of protection
 u - the +2 halberd of the Snake Pit {antimagic, rPois rF+++ Stlth-}
   (You found it in the Dungeon)

   It reduces the magical energy of the wielder, and disrupts the spells and
   magical abilities of those it strikes.
   Natural abilities and divine invocations are not affected.
   rF:        It renders you almost immune to fire.
   rPois:     It protects you from poison.
   Stlth:     It makes you less stealthy.
 v - a +1 vorpal broad axe
 w - a +2 vorpal morningstar
 A - a +2 broad axe of freezing
 K - a +0 giant club
 O - the +12 dire flail of Causality (weapon) {freeze, *Noise SInv Stlth+}
   (You found it in the Dungeon)

   It freezes those it strikes, dealing additional cold damage.
   It can also slow down cold-blooded creatures.
   SInv:      It lets you see invisible.
   *Noise:    It may make noises in combat.
   Stlth:     It makes you more stealthy.
Missiles
 z - 14 javelins (quivered)
 J - 2 large rocks
 L - a throwing net
Armour
 b - a +0 robe (worn)
 x - a +0 cloak (worn)
 E - an orb of light
 P - a +0 tower shield
Jewellery
 p - a +3 ring of evasion (left hand)
 y - a ring of see invisible (right hand)
 C - a ring of protection from cold
Wands
 o - a wand of quicksilver (14)
Scrolls
 i - 4 scrolls of blinking
 l - 5 scrolls of amnesia
 m - a scroll of summoning
 F - 2 scrolls of butterflies
 G - 2 scrolls of enchant weapon
 I - a scroll of magic mapping
Potions
 c - a potion of ambrosia
 d - 12 potions of curing
 e - 13 potions of heal wounds
 g - 2 potions of magic
 h - 4 potions of berserk rage
 k - 2 potions of invisibility
 r - 2 potions of might
 s - 3 potions of brilliance
 t - a potion of resistance
 B - a potion of mutation


   Skills:
 + Level 21.5 Fighting
 * Level 21.3 Maces & Flails
 + Level 6.4 Throwing
 - Level 2.9 Dodging
 - Level 1.4 Stealth
 + Level 7.0 Spellcasting
 + Level 2.9 Translocations
 - Level 16.8 Invocations


You had 22 spell levels left.
You knew the following spells:

 Your Spells              Type           Power      Damage    Failure   Level
a - Manifold Assault      Tloc           21%        N/A       22%         4

Your spell library contained the following spells:

 Spells                   Type           Power      Damage    Failure   Level
 Dispersal                Tloc           10%        N/A       98%         6
 Disjunction              Tloc           10%        N/A       100%        8


Dungeon Overview and Level Annotations

Branches:
Dungeon (1/1)

Altars:
Ashenzari
Cheibriados
Dithmenos
Elyvilon
Fedhas
Gozag
Hepliaklqana
Kikubaaqudgha
Makhleb
Nemelex Xobeh
Okawaru
Qazlal
Ru
Sif Muna
Trog
Uskayaw
Vehumet
Wu Jian
Xom
Yredelemnul
Zin
The Shining One
Jiyva
Lugonu


Innate Abilities, Weirdness & Mutations

You are too large for most types of armour.
You have tough skin. (AC +1)


Message History

Magic courses through your body.
The merfolk impaler hits you from afar with a +2 trident of protection!!
Unknown command.
Activating: Slouch (0% risk of failure)
Press: ? - help, Dir - look around, f - activate You can feel time thicken for a moment.
You kill the ophan!
Cheibriados appreciates the change of pace.
You kill the ball python!
Cheibriados appreciates the change of pace.
The merfolk impaler hits you from afar with a +2 trident of protection!
Your Spellcasting skill increases to level 7!
Unknown command.
Activating: Slouch (0% risk of failure)
Press: ? - help, Dir - look around, f - activate You can feel time thicken for a moment.
Cheibriados lowers the support of your attributes as your movement quickens.
The merfolk impaler hits you from afar with a +2 trident of protection!! x2
* * * LOW HITPOINT WARNING * * *
Unknown command.
Activating: Slouch (0% risk of failure)
Press: ? - help, Dir - look around, f - activate You can feel time thicken for a moment.
Cheibriados lowers the support of your attributes as your movement quickens.
The merfolk impaler hits you from afar with a +2 trident of protection.
* * * LOW HITPOINT WARNING * * *
The merfolk impaler hits you from afar with a +2 trident of protection!!
* * * LOW HITPOINT WARNING * * *
You feel much better.
The merfolk impaler hits you from afar with a +2 trident of protection!
* * * LOW HITPOINT WARNING * * *
Unknown command.
Activating: Slouch (0% risk of failure)
Press: ? - help, Dir - look around, f - activate You can feel time thicken for a moment.
Cheibriados lowers the support of your attributes as your movement quickens.
The merfolk impaler hits you from afar with a +2 trident of protection!
* * * LOW HITPOINT WARNING * * *
The merfolk impaler hits you from afar with a +2 trident of protection!!
You die...

.........''........ ##
#######..##..#....# #.#
#..##........ #.# #..##........
#|# #..####++#### #.#
#..####++#### #.# #..##......##
#..#########m######..##.#'##.##
###............§@§.....##.#÷)+.##
.##............§§§.....##.'.|#.##
.###########++###########.#=.'.##
.###########++###########.+..#.##
'##................##..## ##+#.##
.##......#..#......##..# ##
.##................''..# #
).'................''.)##########
###......#..#......##............


You could see a merfolk impaler.

Vanquished Creatures
  A daeva (D)
  A ghost moth (D)
  An ophan (D)
  An apis (D)
  A vampire knight (D)
  A minotaur (D)
  2 eidola (D)
  A merfolk impaler (D)
  Erica (D)
  A boulder beetle (D)
  A death yak (D)
  A death knight (D)
  3 two-headed ogres (D)
  An orc high priest (D)
  Urug (D)
  Sonja (D)
  A sun demon (D)
  A flayed ghost (D)
  A sea snake (D)
  An orc knight (D)
  A phantasmal warrior (D)
  A deep elf pyromancer (D)
  A black mamba (D)
  3 orange demons (D)
  3 demonic crawlers (D)
  A red devil (D)
  A guardian mummy (D)
  2 ice devils (D)
  A hellwing (D)
  A tyrant leech (D)
  4 merfolk (D)
  A polar bear (D)
  A tarantella (D)
  A large abomination (D)
  3 snapping turtles (D)
  An air elemental (D)
  A water elemental (D)
  Sigmund (D)
  A spriggan (D)
  A wraith (D)
  A fire bat (D)
  A small abomination (D)
  Eustachio (D)
  A wyvern (D)
  A redback (D)
  A basilisk (D)
  A neqoxec (D)
  Menkaure (D)
  3 wargs (D)
  2 floating eyes (D)
  Duvessa (D)
  A water moccasin (D)
  3 orc warriors (D)
  An ogre (D)
  Blork the orc (D)
  A bullfrog (D)
  5 wights (D)
  Dowan (D)
  A jelly (D)
  A hound (D)
  An iron imp (D)
  An orc wizard (D)
  An adder (D)
  An ufetubus (D)
  An adder zombie (D)
  An adder skeleton (D)
  7 orcs (D)
  2 ball pythons (D)
  A bat skeleton (D)
  3 endoplasms (D)
  A giant cockroach (D)
  A goblin (D)
  A hobgoblin (D)
  A quokka (D)
  3 frilled lizards (D)
  A quokka zombie (D)
  A rat (D)
110 creatures vanquished.

Vanquished Creatures (others)
  A shadow wraith (D)
  An orc (D)
  A ball python skeleton (D)
3 creatures vanquished.

Grand Total: 113 creatures vanquished

Notes
Turn   | Place    | Note
-------+----------+-------------------------------------------
     0 | D        | rocky1 the Ogre Monk began the quest for the Orb.
     0 | D        | Reached XP level 1. HP: 24/24 MP: 1/1
    39 | D        | Found a bloodstained altar of Trog.
    39 | D        | Found a shimmering blue altar of Sif Muna.
    39 | D        | Found a viscous altar of Jiyva.
    39 | D        | Found a hazy altar of Hepliaklqana.
    39 | D        | Found an opulent altar of Gozag.
    40 | D        | Found a glowing golden altar of the Shining One.
    40 | D        | Found a glowing silver altar of Zin.
    40 | D        | Found a basalt altar of Yredelemnul.
    40 | D        | Found a shimmering altar of Xom.
    40 | D        | Found an ornate altar of the Wu Jian Council.
    40 | D        | Found a sacrificial altar of Ru.
    40 | D        | Found a stormy altar of Qazlal.
    40 | D        | Found an iron altar of Okawaru.
    40 | D        | Found a sparkling altar of Nemelex Xobeh.
    40 | D        | Found a burning altar of Makhleb.
    40 | D        | Found a blossoming altar of Fedhas.
    40 | D        | Found a white marble altar of Elyvilon.
    40 | D        | Found a shadowy altar of Dithmenos.
    40 | D        | Found a snail-covered altar of Cheibriados.
    44 | D        | Found a corrupted altar of Lugonu.
    44 | D        | Found a radiant altar of Vehumet.
    45 | D        | Found a broken altar of Ashenzari.
    45 | D        | Found an ancient bone altar of Kikubaaqudgha.
    45 | D        | Found a hide-covered altar of Uskayaw.
    51 | D        | Became a worshipper of Cheibriados the Contemplative
    51 | D        | Reached * piety under Cheibriados
    51 | D        | Reached ** piety under Cheibriados
    64 | D        | Noticed a floating eye
    67 | D        | Paralysed by a floating eye for 3 turns
    72 | D        | Paralysed by a floating eye for 2 turns
    76 | D        | Killed a floating eye
    77 | D        | Reached XP level 2. HP: 40/40 MP: 1/5
    77 | D        | Reached XP level 3. HP: 46/46 MP: 1/6
    77 | D        | Reached XP level 4. HP: 55/55 MP: 1/7
   244 | D        | Reached *** piety under Cheibriados
   248 | D        | Noticed Menkaure
   251 | D        | Reached **** piety under Cheibriados
   257 | D        | Killed Menkaure
   258 | D        | Reached XP level 5. HP: 41/66 MP: 7/9
   258 | D        | Reached XP level 6. HP: 46/74 MP: 7/10
   332 | D        | Noticed Duvessa
   332 | D        | Noticed Dowan
   333 | D        | Noticed a floating eye
   342 | D        | Killed Duvessa
   347 | D        | Killed Dowan
   348 | D        | Reached skill level 10 in Fighting
   350 | D        | Killed a floating eye
   350 | D        | Noticed an orc warrior
   351 | D        | Reached skill level 10 in Maces & Flails
   351 | D        | Reached XP level 7. HP: 80/87 MP: 1/13
   359 | D        | Reached ***** piety under Cheibriados
   445 | D        | Noticed Sigmund
   453 | D        | Killed Sigmund
   465 | D        | Noticed a black mamba
   468 | D        | Killed a black mamba
   469 | D        | Reached XP level 8. HP: 89/98 MP: 8/15
   690 | D        | Noticed a red devil
   692 | D        | Reached ****** piety under Cheibriados
   693 | D        | Reached skill level 10 in Invocations
   693 | D        | Killed a red devil
   694 | D        | Reached XP level 9. HP: 74/110 MP: 5/17
   893 | D        | Got the +2 halberd of the Snake Pit {antimagic, rPois rF+++
                  | Stlth-}
   970 | D        | Noticed a two-headed ogre
   992 | D        | Noticed a flayed ghost
   992 | D        | Noticed Blork the orc
   992 | D        | Noticed an eidolon
   996 | D        | Killed Blork the orc
   999 | D        | Killed a flayed ghost
  1001 | D        | Killed an eidolon
  1105 | D        | Noticed an orange demon
  1108 | D        | Reached skill level 15 in Fighting
  1108 | D        | Reached skill level 15 in Maces & Flails
  1108 | D        | Reached XP level 10. HP: 124/124 MP: 13/19
  1113 | D        | Killed an orange demon
  1374 | D        | Noticed a death knight
  1374 | D        | Noticed an orange demon
  1374 | D        | Noticed a two-headed ogre
  1377 | D        | Killed a two-headed ogre
  1377 | D        | Killed an orange demon
  1378 | D        | Killed a death knight
  1787 | D        | Noticed a death yak
  1788 | D        | Noticed a vampire knight
  1792 | D        | Killed a vampire knight
  1794 | D        | Killed a death yak
  1795 | D        | Reached XP level 11. HP: 75/139 MP: 5/21
  2041 | D        | Noticed Eustachio
  2044 | D        | Killed Eustachio
  2200 | D        | Noticed a phantasmal warrior
  2200 | D        | Noticed Sonja
  2200 | D        | Noticed Erica
  2209 | D        | Killed a phantasmal warrior
  2209 | D        | Killed Sonja
  2212 | D        | Reached skill level 15 in Invocations
  2226 | D        | Noticed a boulder beetle
  2238 | D        | Killed Erica
  2420 | D        | Noticed an orc high priest
  2421 | D        | Noticed a sea snake
  2421 | D        | Noticed Urug
  2421 | D        | Noticed a minotaur
  2424 | D        | Killed a boulder beetle
  2425 | D        | Killed a sea snake
  2425 | D        | Killed an orc high priest
  2426 | D        | Killed Urug
  2428 | D        | Killed a minotaur
  2429 | D        | Reached XP level 12. HP: 86/154 MP: 3/24
  2606 | D        | Found the +7 mace of Variability {chain chaos}
  2747 | D        | Killed a two-headed ogre
  2890 | D        | Noticed a sun demon
  2890 | D        | Noticed a two-headed ogre
  2896 | D        | Killed a two-headed ogre
  2898 | D        | Killed a sun demon
  3306 | D        | Noticed a merfolk impaler
  3311 | D        | Reached skill level 1 in Throwing
  3311 | D        | Reached skill level 1 in Spellcasting
  3313 | D        | Killed a merfolk impaler
  3709 | D        | Noticed an apis
  3709 | D        | Noticed a daeva
  3709 | D        | Noticed a ghost moth
  3713 | D        | Killed a ghost moth
  3716 | D        | Killed a daeva
  3717 | D        | Reached skill level 5 in Spellcasting
  3719 | D        | Killed an apis
  3720 | D        | Reached skill level 5 in Throwing
  3729 | D        | Got the +12 dire flail of Causality {freeze, *Noise SInv
                  | Stlth+}
  3988 | D        | Learned a level 4 spell: Manifold Assault
  4063 | D        | Noticed an ophan
  4068 | D        | Noticed an eidolon
  4070 | D        | Reached skill level 1 in Translocations
  4076 | D        | Reached XP level 13. HP: 145/169 MP: 14/25
  4079 | D        | Identified the +7 chain mail "Otio" {MP+9}
  4079 | D        | Noticed a vault guard
  4081 | D        | Killed an eidolon
  4083 | D        | Identified the ring "Esimmul" {rElec rPois MP-9 Dex+6 SInv}
  4083 | D        | Noticed a merfolk impaler
  4087 | D        | Killed an ophan
  4091 | D        | Demolished by a merfolk impaler

Illustrated notes

Levels and vault maps discovered:
D:        pitsprint [storerooms_1, entrance_room_1, metal_vault_1, armoury_1,
          mini_pit_1, grid_room_1, main_hall_1, silver_pit, the_coven_3,
          the_vestibule_1, steel_vault_1, golden_pit, hallway_of_sentries,
          crystal_vault_4, iron_vault_2, final_vault]

Skill      XL: |  1  2  3  4  5  6  7  8  9 10 11 12 13 |
---------------+----------------------------------------+-----
Maces & Flails | 6 8 10 11 13 15 16 19 21 | 21.3
Fighting       | 7 8 10 12 13 15 17 19 21 | 21.5
Invocations    | 4 6 8 9 10 12 14 16 | 16.8
Throwing       | 5 6 |  6.4
Spellcasting   | 6 7 |  7.0
Translocations | 1 2 |  2.9
Dodging        | |  2.9
Stealth        | |  1.4

Action                   |  1- 3 |  4- 6 |  7- 9 | 10-12 | 13-15 || total
-------------------------+-------+-------+-------+-------+-------++-------
Melee: Mace              |     9 |    12 |       |       |       ||    21
       Flail             |       |     8 |    45 |       |       ||    53
       Morningstar       |       |       |     4 |    90 |       ||    94
       Dire flail        |       |       |       |     7 |     3 ||    10
Throw: Javelin           |       |       |       |     4 |       ||     4
Invok: Slouch            |       |     2 |     7 |    25 |     6 ||    40
  Use: Potion            |       |     1 |       |     1 |     3 ||     5
 Stab: Sleeping          |     1 |       |     1 |       |       ||     2
Armor: Robe              |     3 |     3 |     9 |     8 |       ||    23
Dodge: Dodged            |     2 |    13 |    22 |    80 |     2 ||   119

Table legend: (Time is in decaauts)
 A = Elapsed time spent in this place.
 B = Non-inter-level travel time spent in this place.
 C = Inter-level travel time spent in this place.
 D = Time resting spent in this place.
 E = Time spent auto-exploring this place.
 F = Levels seen in this place.
 G = Mean time per level.
                   A        B        C        D        E       F      G
               +--------+--------+--------+--------+--------+-----+--------+
         Total |   4741 |   4625 |    116 |   2954 |      0 |   1 | 4741.0 |
       Dungeon |   4741 |   4625 |    116 |   2954 |      0 |   1 | 4741.0 |
               +--------+--------+--------+--------+--------+-----+--------+

Top non-repeatable levels by time:
       D: 4741 daAuts
